 Dungeon Crawl Stone Soup version 0.29.1-4-g47bece8355 (webtiles) character file.

Game seed: 15429372402438003461

11503 sanboga the Geomancer (level 11, -4/54 HPs)
             Began as a Gargoyle Earth Elementalist on Dec 1, 2022.
             Was a Believer of Vehumet.
             Slain by a boulder beetle (22 damage)
             ... on level 11 of the Dungeon.
             The game lasted 00:32:28 (13208 turns).

sanboga the Geomancer (GrEE)                       Turns: 13208, Time: 00:32:29

Health: -4/54      AC: 18    Str: 11    XL:     11   Next: 78%
Magic:  18/22      EV: 14    Int: 21    God:    Vehumet [**....]
Gold:   263        SH:  0    Dex: 12    Spells: 8/25 levels left

rFire   . . .      SeeInvis +   d - staff of earth
rCold   . . .      Faith    .   (no shield)
rNeg    + . .      Spirit   .   C - +0 robe "Xubib" {rElec rCorr Dex+2}
rPois   ∞          Reflect  .   i - +2 hat
rElec   +          Harm     .   a - +2 cloak {Will+}
rCorr   +          Rampage  .   y - +1 pair of gloves
Will    +....                   x - +0 pair of boots
Stlth   ++........              q - amulet of regeneration
HPRegen 0.98/turn               s - ring of see invisible
MPRegen 0.18/turn               (no ring)

@: no status effects
A: sickness immunity, AC +8, negative energy resistance 1, electricity
resistance, torment resistance 1, petrification resistance
a: Renounce Religion


You were on level 11 of the Dungeon.
You worshipped Vehumet.
Vehumet was pleased with you.
You visited 2 branches of the dungeon, and saw 12 of its levels.

You collected 864 gold pieces.
You spent 601 gold pieces at shops.

Inventory:

Armour
 a - a +2 cloak of willpower (worn)
 i - a +2 hat (worn)
 x - a +0 pair of boots (worn)
 y - a +1 pair of gloves (worn)
 C - the +0 robe "Xubib" (worn) {rElec rCorr Dex+2}
   (You found it on level 8 of the Dungeon)

   Dex:       It affects your dexterity (+2).
   rElec:     It insulates you from electricity.
   rCorr:     It protects you from acid and corrosion.
Magical Staves
 d - a staff of earth (weapon)
Jewellery
 l - the ring of Cyorchola {Fire rElec rPois rN+ Int-2}
   (You took it off a centaur on level 9 of the Dungeon)

   [ring of fire]

   It enhances your fire magic.
   Int:       It affects your intelligence (-2).
   rF:        It protects you from fire.
   rC:        It makes you vulnerable to cold.
   rElec:     It insulates you from electricity.
   rPois:     It protects you from poison.
   rN:        It protects you from negative energy.
 q - an amulet of regeneration (around neck)
 s - a ring of see invisible (left hand)
Wands
 g - a wand of digging (2)
 r - a wand of paralysis (37)
 w - a wand of iceblast (10)
Scrolls
 c - 2 scrolls of poison
 h - 3 scrolls of fog
 j - a scroll of brand weapon {unknown}
 m - a scroll of fear
 p - 2 scrolls of amnesia
 z - a scroll of blinking
Potions
 b - a potion of magic
 e - a potion of berserk rage
 f - a potion of invisibility
 k - a potion of mutation
 n - 6 potions of curing
 o - 2 potions of flight {unknown}
 t - 3 potions of haste
 v - 6 potions of heal wounds


   Skills:
 + Level 7.1 Dodging
 - Level 2.1 Stealth
 + Level 7.8 Spellcasting
 * Level 9.6 Conjurations
 - Level 0.7 Transmutations
 + Level 13.7 Earth Magic


You had 8 spell levels left.
You knew the following spells:

 Your Spells              Type           Power      Damage    Failure   Level
a - Sandblast             Erth           100%       2d20      1%          1
b - Stone Arrow           Conj/Erth      100%       3d13      1%          3
c - Lee's Rapid Deconstr  Erth           39%        3d20*     1%          5
d - Lehudib's Crystal Sp  Conj/Erth      36%        10d9      99%         8

Your spell library contained the following spells:

 Spells                   Type           Power      Damage    Failure   Level
 Poisonous Vapours        Pois/Air       16%        N/A       12%         2
 Passwall                 Tmut/Erth      45%        N/A       1%          2
 Animate Armour           Summ/Erth      100%       N/A       4%          4
 Petrify                  Tmut/Erth      55%        N/A       4%          4
 Fulminant Prism          Conj/Hex       14%        3d9       11%         4
 Iskenderun's Mystic Bla  Conj/Tloc      28%        2d7       11%         4
 Gell's Gravitas          Tloc           8%         N/A       24%         3
 Lesser Beckoning         Tloc           8%         N/A       24%         3
 Teleport Other           Tloc           8%         N/A       24%         3


Dungeon Overview and Level Annotations

Branches:
Dungeon (11/15)            Temple (1/1) D:6            Lair (0/5) D:9
    Orc: D:9-12

Altars:
Ashenzari
Cheibriados
Dithmenos
Elyvilon
Fedhas
Hepliaklqana
Kikubaaqudgha
Makhleb
Nemelex Xobeh
Okawaru
Qazlal
Ru
Sif Muna
Trog
Vehumet
Wu Jian
Xom
Yredelemnul
Zin
The Shining One

Shops:
D:10 *:(==!(   D:11 !

Portals:
Abyss: D:8

Annotations:
D:8 2 transporters, zeram's ghost, novice MiFi


Innate Abilities, Weirdness & Mutations

You are immune to sickness and miasma.
Your stone body is resilient. (AC +8)
You are immune to poison.
You resist negative energy. (rN+)
You are resistant to electric shocks. (rElec)
You are resistant to unholy torment.
You are immune to petrification.


Message History

Confirm with . or Enter, or press ? or * to list all spells.
Aiming: Sandblast (safe; 1% risk of failure)
Press: ? - help, Shift-Dir - straight line, f/p - boulder beetle
Aim: a boulder beetle (heavily wounded, 100% to hit)
You feel a surge of power!
The blast of sand hits the boulder beetle but does no damage.
The boulder beetle is heavily wounded.
The boulder beetle bites you but does no damage.
The boulder beetle leaps!
The boulder beetle curls into a ball and begins rolling!
Casting: Sandblast (safe; 1% risk of failure)
Confirm with . or Enter, or press ? or * to list all spells.
Aiming: Sandblast (safe; 1% risk of failure)
Press: ? - help, Shift-Dir - straight line, f/p - boulder beetle
Aim: a boulder beetle (moderately wounded, rolling, 100% to hit)
You feel a surge of power!
The blast of sand hits the boulder beetle but does no damage.
The boulder beetle is moderately wounded.
The boulder beetle hits you!!!
Ouch! That really hurt!
* * * LOW HITPOINT WARNING * * *
The boulder beetle stops rolling and uncurls.
You feel much better. The boulder beetle bites you!
* * * LOW HITPOINT WARNING * * *
Casting: Sandblast (safe; 1% risk of failure)
Confirm with . or Enter, or press ? or * to list all spells.
Okay, then.
Magic courses through your body.
The boulder beetle waves its antennae.
The boulder beetle bites you but does no damage.
Casting: Sandblast (safe; 1% risk of failure)
Confirm with . or Enter, or press ? or * to list all spells.
Aiming: Stone Arrow (safe; 1% risk of failure)
Press: ? - help, Shift-Dir - straight line, f/p - boulder beetle
Aim: a boulder beetle (moderately wounded, 100% to hit)
You feel a surge of power!
The stone arrow hits the boulder beetle!
The boulder beetle is heavily wounded.
The boulder beetle bites you!!
You die...

..#.#.# #.##.#
###.#.# #. #.#
....#.#######.##.#
##..........#.##.#
#.##.#####.#.##.#
#.##.# #)#.##.#
#.##.# #.#.##.#
#.##.# #.#.##B#
#.##.#####.#.##@#
#.##..........#.#
..##.......#..#.##
#.............#
#.##.##....#### #
#. #....# # #....#
#....# ......#


You could see a boulder beetle.

Vanquished Creatures
  A two-headed ogre (D:9)
  Pikel (D:5)
  A deep elf pyromancer (D:11)
  Maurice (D:8)
  Maggie (D:8)
  An unseen horror (D:11)
  A hornet (D:10)
  Grinder (D:5)
  2 trolls (D:11)
  2 shadows
  2 vampires
  18 yaks
  2 humans (D:9)
  A steam dragon (D:7)
  Edmund (D:5)
  An acid dragon (D:11)
  2 ice beasts
  2 orc warriors
  A black bear (D:7)
  4 centaurs
  2 phantoms
  3 bullfrogs
  A kobold brigand (D:8)
  2 gnoll sergeants
  2 necrophages (D:7)
  2 scorpions (D:5)
  12 wights
  24 killer bees
  An electric eel (D:10)
  3 howler monkeys
  A jelly (D:6)
  11 orc priests
  5 hounds
  2 iguanas
  11 orc wizards
  Robin (D:4)
  9 gnolls
  12 adders
  A shadow imp (D:6)
  A white imp (D:5)
  3 worms
  A dart slug (D:2)
  52 orcs
  10 ball pythons
  7 endoplasms
  3 giant cockroaches
  7 hobgoblins
  3 jackals (D:5)
  14 kobolds
  2 quokkas (D:5)
  5 bats
  4 frilled lizards
  17 goblins
  2 goblin skeletons (D:5)
  A goblin zombie (D:5)
  A kobold zombie (D:5)
  An orc skeleton (D:5)
  2 orc zombies (D:5)
  7 rats
294 creatures vanquished.

Vanquished Creatures (others)
  13 fungi
  8 plants (D:9)
  3 toadstools (D:10)
24 creatures vanquished.

Grand Total: 318 creatures vanquished

Notes
Turn   | Place    | Note
-------+----------+-------------------------------------------
     0 | D:1      | sanboga the Gargoyle Earth Elementalist began the quest for
                  | the Orb.
     0 | D:1      | Reached XP level 1. HP: 10/10 MP: 3/3
   277 | D:1      | Reached skill level 4 in Earth Magic
   277 | D:1      | Reached XP level 2. HP: 15/15 MP: 3/5
   781 | D:1      | Found a faded altar of an unknown god.
   909 | D:1      | Reached XP level 3. HP: 19/19 MP: 4/6
   945 | D:1      | Learned a level 3 spell: Stone Arrow
  1138 | D:2      | Reached XP level 4. HP: 24/24 MP: 0/7
  1407 | D:2      | Reached skill level 1 in Conjurations
  1416 | D:2      | Reached skill level 5 in Earth Magic
  1526 | D:2      | Found a shimmering altar of Xom.
  1782 | D:2      | Reached XP level 5. HP: 23/28 MP: 9/9
  2452 | D:3      | Found a hazy altar of Hepliaklqana.
  3034 | D:4      | Reached XP level 6. HP: 22/32 MP: 0/10
  3397 | D:4      | Noticed Robin
  3438 | D:4      | Killed Robin
  3693 | D:5      | Entered Level 5 of the Dungeon
  3809 | D:5      | Reached skill level 6 in Earth Magic
  3870 | D:5      | Noticed Grinder
  3882 | D:5      | Killed Grinder
  3883 | D:5      | Reached XP level 7. HP: 21/36 MP: 1/12
  4013 | D:5      | Reached skill level 7 in Earth Magic
  4093 | D:5      | Found a glowing golden altar of the Shining One.
  4186 | D:5      | Noticed Edmund
  4303 | D:5      | Killed Edmund
  4304 | D:5      | Reached XP level 8. HP: 37/41 MP: 1/14
  4729 | D:5      | Reached skill level 8 in Earth Magic
  5186 | D:5      | Found a sacrificial altar of Ru.
  5331 | D:5      | Found a bloodstained altar of Trog.
  5390 | D:5      | Noticed Pikel
  5395 | D:5      | Killed Pikel
  5396 | D:5      | Reached skill level 5 in Spellcasting
  5396 | D:5      | Reached skill level 5 in Conjurations
  5396 | D:5      | Reached skill level 9 in Earth Magic
  5396 | D:5      | Reached XP level 9. HP: 45/45 MP: 5/16
  6161 | D:6      | Found a staircase to the Ecumenical Temple.
  6358 | D:6      | Reached skill level 10 in Earth Magic
  6810 | D:7      | Reached skill level 5 in Dodging
  7672 | D:7      | Reached skill level 11 in Earth Magic
  7779 | D:7      | Reached XP level 10. HP: 34/50 MP: 13/18
  8017 | Temple   | Entered the Ecumenical Temple
  8072 | Temple   | Became a worshipper of Vehumet
  8163 | D:8      | Found a one-way gate to the infinite horrors of the Abyss.
  8163 | D:8      | Noticed zeram's ghost (novice MiFi)
  8177 | D:8      | Noticed a rakshasa
  8211 | D:8      | HP: 2/50 [kobold brigand/+0 short sword (1)]
  8645 | D:8      | Identified the +0 robe "Xubib" {rElec rCorr Dex+2}
  8871 | D:8      | Noticed Maggie
  8881 | D:8      | Killed Maggie
  9242 | D:8      | Noticed Maurice
  9246 | D:8      | Killed Maurice
  9247 | D:8      | Reached skill level 12 in Earth Magic
  9299 | D:8      | Found a transporter.
  9313 | D:8      | Found a transporter.
  9711 | D:9      | Reached * piety under Vehumet
  9711 | D:9      | Offered knowledge of Magic Dart by Vehumet.
  9743 | D:9      | Found a glowing silver altar of Zin.
  9857 | D:9      | Identified the ring of Cyorchola {Fire rElec rPois rN+
                  | Int-2}
  9946 | D:9      | Found an iron altar of Okawaru.
 10172 | D:9      | Found a staircase to the Lair.
 10476 | D:9      | Noticed a two-headed ogre
 10493 | D:9      | Killed a two-headed ogre
 10494 | D:9      | Reached XP level 11. HP: 54/54 MP: 8/21
 10832 | D:9      | Reached skill level 13 in Earth Magic
 11334 | D:9      | Learned a level 8 spell: Lehudib's Crystal Spear
 11515 | D:10     | Entered Level 10 of the Dungeon
 11821 | D:10     | Found Mucook's Antique Weapon Boutique.
 11989 | D:10     | Found Qith's Book Boutique.
 11992 | D:10     | Found Gaschole's Weapon Shop.
 11993 | D:10     | Found Zuovinn's Jewellery Emporium.
 11994 | D:10     | Found Usokka's Distillery.
 11994 | D:10     | Found Ewoadgh's Jewellery Boutique.
 12008 | D:10     | Bought 2 potions of heal wounds for 110 gold pieces
 12008 | D:10     | Bought a potion of degeneration for 11 gold pieces
 12047 | D:10     | Bought a book of Blasting for 480 gold pieces
 12183 | D:10     | Found Gyobreg's Demolitions Depot.
 12399 | D:11     | Noticed a deep elf pyromancer
 12404 | D:11     | Killed a deep elf pyromancer
 12906 | D:11     | Offered knowledge of Poisonous Vapours by Vehumet.
 12913 | D:11     | Learned a level 5 spell: Lee's Rapid Deconstruction
 12928 | D:11     | Reached ** piety under Vehumet
 13065 | D:11     | Found Tukyedd's Distillery.
 13170 | D:11     | Noticed a boulder beetle
 13208 | D:11     | Slain by a boulder beetle

Illustrated notes

Levels and vault maps discovered:
D:1:      spicycebolla_arrival_clurvy, layout_loops_ring,
          dreamdust_ecumenical_altar_angels_and_demons, st_stairs_6
D:2:      layout_loops_cross, basic_altar
D:3:      layout_loops_ring, lemuel_round_altar, nicolae_overflow_hidden_temple,
          minmay_liquid_box
D:4:      layout_rooms, uniq_robin
D:5:      layout_rooms, mainiacjoe_overflow_alcove_2, trog_butcher_becter,
          nicolae_tso_besieged_by_evil, uniq_grinder, uniq_pikel, uniq_edmund
D:6:      layout_basic, minmay_temple_entry_slanted
D:7:      layout_basic
D:8:      layout_loops_corners, gammafunk_ghost_abyssal_escape, kennysheep_nub,
          grunt_ministairs_14, uniq_maggie, uniq_maurice
D:9:      layout_roguey, okawaru_humans, zin_academy, dpeg_oklobed_lair,
          nrook_mini_vaults, minivault_4, kennysheep_opposing_triangles
D:10:     layout_rooms, serial_shops, nicolae_shop_overgrown_old_shop,
          nicolae_blasting_shop, nicolae_wooded_promenade,
          minmay_gold_behind_fungi
D:11:     layout_basic, serial_shops, nicolae_shop_hallway_plus
Temple:   zaba_magenta_temple

Skill      XL: |  1  2  3  4  5  6  7  8  9 10 11 |
---------------+----------------------------------+-----
Earth Magic    | 4 5 6 7 9 11 12 13 | 13.7
Dodging        | 2 3 4 5 6 7 |  7.1
Conjurations   | 1 2 3 5 6 7 9 |  9.6
Spellcasting   | 3 4 5 7 |  7.8
Stealth        | |  2.1
Transmutations | |  0.7

Action                   |  1- 3 |  4- 6 |  7- 9 | 10-12 || total
-------------------------+-------+-------+-------+-------++-------
Melee: Staff             |    13 |   112 |    19 |    47 ||   191
       Punch             |       |     1 |       |       ||     1
 Cast: Sandblast         |    37 |    73 |   133 |   206 ||   449
       Stone Arrow       |       |       |    24 |    23 ||    47
       Lee's Rapid Decon |       |       |       |     7 ||     7
  Use: Scroll            |       |     3 |     4 |    16 ||    23
       Potion            |       |       |       |     2 ||     2
 Stab: Sleeping          |     1 |     1 |       |       ||     2
       Distracted        |       |       |       |     1 ||     1
Armor: Robe              |     3 |    64 |    25 |   138 ||   230
Dodge: Dodged            |    16 |   122 |    45 |   191 ||   374
